Unix NetHack Version 5.0.0-0 post-release - last build Jul 19 2026 19:10:59 (3aa4ab31751d3886436d94b585a96704892fd477,branch:main).

Game began 2026-07-30 14:21:22, ended 2026-07-30 14:46:59.

Fendoran, lawful male human Archeologist

                                          ...  .--.
                                         .G@.....)..
                                         -....<....-
                                        --.......---
                                        |....|...|
                                        --..------
                                         ----

Fendoran the Field Worker  St:14 Dx:11 Co:11 In:13 Wi:16 Ch:13  Lawful
Dlvl:5  $:907 HP:0(31) Pw:18(18) AC:8  Xp:4 T:3114  Burdened

Latest messages:
 Boby5 misses the dwarf.
 Boby5 misses the dwarf.
 You have a little trouble lifting P - 4 daggers (8 in total).
 Boby5 misses the dwarf.
 Boby5 misses the dwarf.
 Boby5 misses the dwarf.
 Boby5 eats a gnome corpse.
 You attack thin air.
 You stop.  The dwarf is in the way!
 You are hit by a dart.
 A dart misses you.
 You swap places with the peaceful dwarf.
 The gnome lord hits!
 You lash the gnome lord.
 The gnome lord hits!
 What do you want to drink? [yAC-EJO or ?*]
 You feel better.
 The gnome lord hits!
 The gnome lord hits!
 The gnome lord hits!
 You miss the gnome lord.
 Boby5 bites the gnome lord.
 You lash the gnome lord.
 Boby5 bites the gnome lord.
 The gnome lord is killed!
 You see here 14 darts.
 You have a little trouble lifting l - 14 darts (at the ready) (15 in total).
 You stop.  Boby5 is in the way!
 You hear some noises.
 Boby5 misses it.
 You miss the gnome lord.
 You miss the gnome lord.
 A thonged club misses you.
 The thonged club returns to its hand!
 You lash the gnome lord.
 The gnome lord hits!
 The gnome lord hits!
 You miss the gnome lord.
 The gnome lord hits!
 What do you want to drink? [yC-EJO or ?*]
 You feel better.
 You lash the gnome lord.
 The gnome lord hits!
 You miss the gnome lord.
 The gnome lord hits!
 You lash the gnome lord.
 The arrow hits the gnome lord!
 The gnome lord hits!
 You die...
 Do you want your possessions identified? [ynq] (y)

Inventory:
 Coins    ('$')
  $ - 907 gold pieces
 Amulets  ('"')
  L - an uncursed amulet of ESP
 Weapons  (')')
  m - 7 +1 darts
  l - 15 +0 darts (at the ready)
  P - 8 +0 daggers
  o - a cursed +0 orcish dagger
  a - a +2 bullwhip (weapon in right hand)
  v - a +0 mace
 Armor    ('[')
  c - an uncursed +0 fedora
  p - an uncursed +0 orcish helm (being worn)
  b - a blessed +0 leather jacket (being worn)
 Comestibles  ('%')
  d - 2 uncursed food rations
  x - 2 uncursed food rations
  B - 2 uncursed fortune cookies
  q - an uncursed sprig of wolfsbane
 Scrolls  ('?')
  i - a cursed scroll of enchant armor
  M - an uncursed scroll of light
  r - a blessed scroll of magic mapping
 Spellbooks  ('+')
  N - a cursed spellbook of clairvoyance
  H - an uncursed spellbook of remove curse
 Potions  ('!')
  J - a cursed potion of booze
  C - a blessed potion of fruit juice
  y - 2 uncursed potions of fruit juice
  E - an uncursed potion of full healing
  O - an uncursed potion of oil
 Rings    ('=')
  k - an uncursed ring of protection from shape changers
  Q - an uncursed ring of shock resistance
 Tools    ('(')
  h - an empty uncursed sack
  n - a cursed oil lamp
  e - a +0 pick-axe
  s - an uncursed tin whistle
  F - an uncursed tin whistle
  f - a tinning kit (0:73)
 Gems/Stones  ('*')
  I - 2 uncursed obsidian stones
  g - an uncursed touchstone

Fendoran the Archeologist's attributes:

Background:
 You were a Field Worker, a level 4 male human Archeologist.
 You were lawful, nominally on a mission for Quetzalcoatl
 who was opposed by Camaxtli (neutral) and Huhetotl (chaotic).
 You were right-handed.
 You were in the Gnomish Mines, on level 5.
 You entered the dungeon 3114 turns ago.
 There was a full moon in effect when your adventure ended.
 You had 91 experience points, 69 more were needed to attain level 5.

Basics:
 You had 0 out of 31 hit points.
 You had all 18 energy points (spell power).
 Your armor class was 8.
 Your wallet contained 907 zorkmids.
 Autopickup was off.

Final Characteristics:
 Your strength was 14 (limit:18/100).
 Your dexterity was 11 (limit:18).
 Your constitution was 11 (limit:18).
 Your intelligence was 13 (limit:18).
 Your wisdom was 16 (limit:18).
 Your charisma was 13 (limit:18).

Final Status:
 You weren't hungry.
 You were burdened; movement was slightly slowed.
 You were wielding a whip.
 You had basic skill with whip.

Final Attributes:
 You were piously aligned.
 You had automatic searching.
 You were lucky.
 You are dead.

Miscellaneous:
 You didn't encounter any bones levels.
 Total elapsed playing time was 25 minutes and 36 seconds.

Major events:
 Turn
    1: Fendoran the lawful male human Archeologist entered the dungeon
 1716: attained the rank of Field Worker (level 3)
 3052: entered the Gnomish Mines
 3114: killed by a gnome lord

You didn't know any spells.

Skills:
 Fighting Skills
   bare handed combat [Unskilled]
   two weapon combat  [Unskilled]
   riding             [Unskilled]
 Weapon Skills
   dagger             [Unskilled]
   knife              [Unskilled]
   pick-axe           [Basic]
   short sword        [Unskilled]
   saber              [Unskilled]
   club               [Unskilled]
   quarterstaff       [Unskilled]
   sling              [Unskilled]
   dart               [Unskilled]
   boomerang          [Unskilled]
   whip               [Basic]
   unicorn horn       [Unskilled]
 Spellcasting Skills
   attack spells      [Unskilled]
   healing spells     [Unskilled]
   divination spells  [Unskilled]
   matter spells      [Unskilled]

Voluntary challenges:
 Character rerolling was not enabled.
 You were an atheist.
 You never genocided any monsters.
 You never polymorphed an object.
 You never changed form.
 You used no wishes.
Achievements:
 You entered a shop.
 You attained the rank of Field Worker.
 You entered the Gnomish Mines.

 The Dungeons of Doom: levels 1 to 5
    Level 1:
    Level 2:
       A vegetarian food shop.
    Level 3:
       An altar.
    Level 4:
       Stairs down to The Gnomish Mines.
    Level 5:
 The Gnomish Mines:
    Level 5: <- You were here.
       Final resting place for
          you, killed by a gnome lord.


Vanquished creatures:
  a gnome leader
  a gray ooze
  2 floating eyes
 an acid blob
  2 gas spores
  a large kobold
  a giant rat
  a green mold
  a red mold
  4 gnomes
  a gnome zombie
  a gecko
  6 jackals
  a fox
  a kobold
  2 goblins
  2 sewer rats
  5 grid bugs
  3 bats
  a lichen
  6 newts
44 creatures vanquished.

No species were genocided or became extinct.

Game over:
                       ----------
                      /          \
                     /    REST    \
                    /      IN      \
                   /     PEACE      \
                  /                  \
                  |     Fendoran     |
                  |      907 Au      |
                  |   killed by a    |
                  |    gnome lord    |
                  |                  |
                  |                  |
                  |       2026       |
                 *|     *  *  *      | *
        _________)/\\_//(\/(/\)/\//\/|_)_______

Goodbye Fendoran the Archeologist...

You died in The Gnomish Mines on dungeon level 5 with 1391 points,
and 907 pieces of gold, after 3114 moves.
You were level 4 with a maximum of 31 hit points when you died.

